HSSL
BROKEN ARROW HS @ DUBLIN JEROME HS CELTICS
04/22/2024
 
TOP OF THE 1ST
Broken Arrow HS batting - Pitching for Dublin Jerome HS Celtics : RHP Denny Koch
Pitching: RHP Denny Koch
Batting: RHB Irwin Robinson 0-0: Called Strike
0-1: Ball
1-1: Swinging Strike
1-2: Foul Ball, location: 2F
1-2: Strikes out swinging
Batting: RHB George Green 0-0: Ball
1-0: Ball
2-0: Ball
3-0: Called Strike
3-1: Fly out, F7 (Flyball, 78M)
Batting: RHB Júlio Hobbs 0-0: Swinging Strike
0-1: Ball
1-1: Foul Ball, location: 2F
1-2: Ball
2-2: Ball
3-2: Base on Balls
Batting: RHB Christian Moss 0-0: Ball
1-0: Called Strike
1-1: Foul Ball, location: 2F
1-2: SINGLE (Line Drive, 34)
Júlio Hobbs to second
Batting: RHB Robert Cannon 0-0: Foul Ball, location: 2F
0-1: Called Strike
0-2: Ball
1-2: Ball
2-2: Ball
3-2: Strikes out swinging
Top of the 1st over - 0 run(s), 1 hit(s), 0 error(s), 2 left on base; Broken Arrow HS 0 - Dublin Jerome HS 0
BOTTOM OF THE 1ST
Dublin Jerome HS Celtics batting - Pitching for Broken Arrow HS : LHP Raúl Rivas
Pitching: LHP Raúl Rivas
Batting: LHB Bill Bryan 0-0: Foul Ball, location: 2F
0-1: Ball
1-1: Foul Ball, location: 2F
1-2: Fly out, F7 (Flyball, 78S)
Batting: LHB Paul Holcomb 0-0: Ball
1-0: Called Strike
1-1: Swinging Strike
1-2: Strikes out swinging
Batting: RHB Dylan Warren 0-0: SOLO HOME RUN (Line Drive, 78XD), Distance : 429 ft
Batting: SHB Ricky Edwards 0-0: Called Strike
0-1: Ball
1-1: Ball
2-1: Ball
3-1: Called Strike
3-2: Base on Balls
Batting: LHB Patrick Ferguson 0-0: Ball
1-0: Foul Ball, location: 2F
1-1: Swinging Strike
1-2: Strikes out looking
Bottom of the 1st over - 1 run(s), 1 hit(s), 0 error(s), 1 left on base; Broken Arrow HS 0 - Dublin Jerome HS 1
TOP OF THE 2ND
Broken Arrow HS batting - Pitching for Dublin Jerome HS Celtics : RHP Denny Koch
Batting: LHB António Chávez 0-0: Swinging Strike
0-1: Ball
1-1: Foul Ball, location: 2F
1-2: Ball
2-2: Foul Ball, location: 2F
2-2: Foul Ball, location: 2F
2-2: Strikes out swinging
Batting: RHB Ronnie Starr 0-0: Ball
1-0: Fly out, F3 (Popup, 34)
Batting: LHB Jon Jackson 0-0: Ground out 1-3 (Groundball, 13)
Top of the 2nd over - 0 run(s), 0 hit(s), 0 error(s), 0 left on base; Broken Arrow HS 0 - Dublin Jerome HS 1
BOTTOM OF THE 2ND
Dublin Jerome HS Celtics batting - Pitching for Broken Arrow HS : LHP Raúl Rivas
Batting: RHB Deron McClendon 0-0: SINGLE (Line Drive, 8LS)
Batting: RHB Luis Árias 0-0: Foul Ball, location: 2F
0-1: Fly out, F4 (Popup, 4M)
Batting: LHB Ángel Santos 0-0: Ground out 4-3 (Groundball, 4M)
Deron McClendon to second
Batting: RHB Norm Gunn 0-0: Ground out 6-3 (Groundball, 6)
Bottom of the 2nd over - 0 run(s), 1 hit(s), 0 error(s), 1 left on base; Broken Arrow HS 0 - Dublin Jerome HS 1
TOP OF THE 3RD
Broken Arrow HS batting - Pitching for Dublin Jerome HS Celtics : RHP Denny Koch
Batting: RHB Rubén Hernández 0-0: Ball
1-0: Ground out 6-3 (Groundball, 6M)
Batting: RHB Irwin Robinson 0-0: Called Strike
0-1: Foul Ball, location: 2F
0-2: Ball
1-2: Foul Ball, location: 2F
1-2: Strikes out swinging
Batting: RHB George Green 0-0: Ball
1-0: Ball
2-0: Called Strike
2-1: Foul Ball, location: 2F
2-2: SINGLE (Groundball, 56D)
Batting: RHB Júlio Hobbs 0-0: Foul Ball, location: 2F
0-1: Swinging Strike
0-2: Strikes out swinging
Top of the 3rd over - 0 run(s), 1 hit(s), 0 error(s), 1 left on base; Broken Arrow HS 0 - Dublin Jerome HS 1
BOTTOM OF THE 3RD
Dublin Jerome HS Celtics batting - Pitching for Broken Arrow HS : LHP Raúl Rivas
Batting: LHB Bill Bryan 0-0: Called Strike
0-1: Fly out, F8 (Flyball, 8RM)
Batting: LHB Paul Holcomb 0-0: Called Strike
0-1: Ground out 4-3 (Groundball, 4)
Batting: RHB Dylan Warren 0-0: Called Strike
0-1: Ball
1-1: Called Strike
1-2: Ball
2-2: Strikes out swinging
Bottom of the 3rd over - 0 run(s), 0 hit(s), 0 error(s), 0 left on base; Broken Arrow HS 0 - Dublin Jerome HS 1
TOP OF THE 4TH
Broken Arrow HS batting - Pitching for Dublin Jerome HS Celtics : RHP Denny Koch
Batting: RHB Christian Moss 0-0: Foul Ball, location: 2F
0-1: Called Strike
0-2: Ball
1-2: Ball
2-2: Ball
3-2: Base on Balls
Batting: RHB Robert Cannon 0-0: Called Strike
0-1: Foul Ball, location: 2F
0-2: Ball
1-2: Ball
2-2: Strikes out looking
Batting: LHB António Chávez 0-0: Ball
1-0: Called Strike
1-1: Fly out, F8 (Flyball, 8LM)
Batting: RHB Ronnie Starr 0-0: Ground out 6-3 (Groundball, 6)
Top of the 4th over - 0 run(s), 0 hit(s), 0 error(s), 1 left on base; Broken Arrow HS 0 - Dublin Jerome HS 1
BOTTOM OF THE 4TH
Dublin Jerome HS Celtics batting - Pitching for Broken Arrow HS : LHP Raúl Rivas
Batting: SHB Ricky Edwards 0-0: Called Strike
0-1: SINGLE (Groundball, 56)
Batting: LHB Patrick Ferguson 0-0: Called Strike
0-1: Ball
1-1: Foul Ball, location: 2F
1-2: SINGLE (Groundball, 34)
Ricky Edwards to second
Ricky Edwards to third
Batting: RHB Deron McClendon 0-0: Ball
1-0: Ball
2-0: Called Strike
2-1: Ball
3-1: Foul Ball, location: 2F
3-2: Foul Ball, location: 2F
3-2: Foul Ball, location: 2F
3-2: Base on Balls
Patrick Ferguson to second
Batting: RHB Luis Árias 0-0: Called Strike
0-1: GRAND SLAM HOME RUN (Flyball, 7LD), Distance : 353 ft
Batting: LHB Ángel Santos 0-0: Fly out, F7 (Flyball, 7M)
Batting: RHB Norm Gunn 0-0: Ball
1-0: Ball
2-0: Called Strike
2-1: Foul Ball, location: 2F
2-2: Foul Ball, location: 2F
2-2: Ball
3-2: Foul Ball, location: 2F
3-2: Foul Ball, location: 2F
3-2: Foul Ball, location: 2F
3-2: Base on Balls
Batting: LHB Bill Bryan 0-0: Foul Ball, location: 2F
0-1: Ball
1-1: Foul Ball, location: 2F
1-2: Strikes out looking
Batting: LHB Paul Holcomb 0-0: Ball
1-0: Ball
2-0: Called Strike
2-1: DOUBLE (Groundball, 5L)
Norm Gunn to third
Batting: RHB Dylan Warren 0-0: Foul Ball, location: 2F
0-1: Ball
1-1: Swinging Strike
1-2: Foul Ball, location: 2F
1-2: Strikes out swinging
Bottom of the 4th over - 4 run(s), 4 hit(s), 0 error(s), 2 left on base; Broken Arrow HS 0 - Dublin Jerome HS 5
TOP OF THE 5TH
Broken Arrow HS batting - Pitching for Dublin Jerome HS Celtics : RHP Denny Koch
Batting: LHB Jon Jackson 0-0: Ball
1-0: DOUBLE (Line Drive, 7LS)
Batting: RHB Rubén Hernández 0-0: Called Strike
0-1: Ball
1-1: Foul Ball, location: 2F
1-2: Foul Ball, location: 2F
1-2: Strikes out swinging
Batting: RHB Irwin Robinson 0-0: Ground out 4-3 (Groundball, 4)
Jon Jackson to third
Batting: RHB George Green 0-0: Ball
1-0: Fly out, F6 (Line Drive, 6)
Top of the 5th over - 0 run(s), 1 hit(s), 0 error(s), 1 left on base; Broken Arrow HS 0 - Dublin Jerome HS 5
BOTTOM OF THE 5TH
Dublin Jerome HS Celtics batting - Pitching for Broken Arrow HS : LHP Raúl Rivas
Batting: SHB Ricky Edwards 0-0: Ball
1-0: Foul Ball, location: 2F
1-1: Ball
2-1: Called Strike
2-2: Strikes out looking
Batting: LHB Patrick Ferguson 0-0: Ball
1-0: Ball
2-0: Foul Ball, location: 2F
2-1: Ball
3-1: Foul Ball, location: 2F
3-2: Ground out 4-3 (Groundball, 4)
Batting: RHB Deron McClendon 0-0: Foul Ball, location: 2F
0-1: Called Strike
0-2: Ball
1-2: Ball
2-2: SINGLE (Groundball, 56D)
Pitching: LHP Jorge Rinlón
Batting: RHB Luis Árias 0-0: Foul Ball, location: 2F
0-1: Foul Ball, location: 2F
0-2: Ball
1-2: Ground out 3-1 (Groundball, 3)
Bottom of the 5th over - 0 run(s), 1 hit(s), 0 error(s), 1 left on base; Broken Arrow HS 0 - Dublin Jerome HS 5
TOP OF THE 6TH
Broken Arrow HS batting - Pitching for Dublin Jerome HS Celtics : RHP Denny Koch
Batting: RHB Júlio Hobbs 0-0: Ball
1-0: Called Strike
1-1: Ball
2-1: Ball
3-1: Foul Ball, location: 2F
3-2: Ground out 3-1 (Groundball, 34)
Pitching: LHP Mike Hill
Batting: RHB Christian Moss 0-0: Foul Ball, location: 2F
0-1: Ball
1-1: SINGLE (Line Drive, 4D)
Batting: RHB Robert Cannon 0-0: Called Strike
0-1: Ball
1-1: Swinging Strike
1-2: Strikes out looking
Batting: LHB António Chávez 0-0: Swinging Strike
0-1: Ball
1-1: Ball
2-1: SINGLE (Groundball, 5D)
Christian Moss to second
Batting: RHB Ronnie Starr 0-0: Foul Ball, location: 2F
0-1: Ground out 5-3 (Groundball, 5L)
Top of the 6th over - 0 run(s), 2 hit(s), 0 error(s), 2 left on base; Broken Arrow HS 0 - Dublin Jerome HS 5
BOTTOM OF THE 6TH
Dublin Jerome HS Celtics batting - Pitching for Broken Arrow HS : LHP Jorge Rinlón
Batting: LHB Ángel Santos 0-0: Reached on error, E6 (Groundball, 6)
Batting: RHB Norm Gunn 0-0: Foul Ball, location: 2F
0-1: Called Strike
Ángel Santos steals 2nd base
0-2: Ball
1-2: Ground out 2-3 (Groundball, 23)
Ángel Santos to third
Batting: LHB Bill Bryan 0-0: Ground out 6-3 (Groundball, 6M)
Ángel Santos scores
Batting: LHB Paul Holcomb 0-0: Ball
1-0: Ball
2-0: Ball
3-0: Called Strike
3-1: Called Strike
3-2: Fly out, F7 (Flyball, 7D)
Bottom of the 6th over - 1 run(s), 0 hit(s), 1 error(s), 0 left on base; Broken Arrow HS 0 - Dublin Jerome HS 6
TOP OF THE 7TH
Broken Arrow HS batting - Pitching for Dublin Jerome HS Celtics : RHP Cory Hopper
Pitching: RHP Cory Hopper
Batting: LHB Jon Jackson 0-0: Foul Ball, location: 2F
0-1: Ball
1-1: Ball
2-1: Fly out, F8 (Flyball, 8LM)
Batting: RHB Rubén Hernández 0-0: Ball
1-0: Called Strike
1-1: DOUBLE (Line Drive, 78M)
Batting: RHB Irwin Robinson 0-0: Called Strike
0-1: Swinging Strike
0-2: Ball
1-2: 2-RUN HOME RUN (Flyball, 78XD), Distance : 430 ft
Batting: RHB George Green 0-0: Ball
1-0: Called Strike
1-1: Ball
2-1: Ball
3-1: Foul Ball, location: 2F
3-2: Base on Balls
Batting: RHB Júlio Hobbs 0-0: Ball
1-0: Ball
2-0: Ball
3-0: Swinging Strike
3-1: Foul Ball, location: 2F
3-2: Base on Balls
George Green to second
Batting: RHB Christian Moss 0-0: Ball
1-0: Ground out 4-3 (Groundball, 4S)
George Green to third
Júlio Hobbs to second
Batting: RHB Robert Cannon 0-0: Called Strike
0-1: Ball
1-1: Swinging Strike
1-2: Strikes out looking
Top of the 7th over - 2 run(s), 2 hit(s), 0 error(s), 2 left on base; Broken Arrow HS 2 - Dublin Jerome HS 6
BOTTOM OF THE 7TH
Dublin Jerome HS Celtics batting - Pitching for Broken Arrow HS : LHP Jorge Rinlón
Batting: RHB Dylan Warren 0-0: Called Strike
0-1: Ball
1-1: Foul Ball, location: 2F
1-2: Ball
2-2: Ball
3-2: SINGLE (Line Drive, 56D)
Batting: SHB Ricky Edwards 0-0: Ball
1-0: Grounds into double play, 5-4-3 (Groundball, 5L)
Batting: LHB Patrick Ferguson 0-0: Ball
1-0: Ball
2-0: Fly out, F8 (Flyball, 8LM)
Bottom of the 7th over - 0 run(s), 1 hit(s), 0 error(s), 0 left on base; Broken Arrow HS 2 - Dublin Jerome HS 6
TOP OF THE 8TH
Broken Arrow HS batting - Pitching for Dublin Jerome HS Celtics : RHP Cory Hopper
Batting: LHB António Chávez 0-0: Reached on error, E1 (Groundball, 13S)
Batting: RHB Ronnie Starr 0-0: Hit by Pitch
António Chávez to second
Pitching: LHP Alan Stewart
Batting: LHB Jon Jackson 0-0: Ball
1-0: Ball
2-0: Called Strike
2-1: SINGLE (Groundball, 4MD)
António Chávez to third
Ronnie Starr to second
Runner from 3rd tries for Home, SAFE, no throw or cutoff
Pitching: RHP Kelly Woodside
Batting: RHB Rubén Hernández 0-0: Swinging Strike
0-1: Foul Ball, location: 2F
0-2: Strikes out swinging
Batting: RHB Irwin Robinson 0-0: Called Strike
0-1: Ball
1-1: Swinging Strike
1-2: Strikes out swinging
Batting: RHB George Green 0-0: Foul Ball, location: 2F
0-1: SINGLE (Flyball, 78S)
Ronnie Starr to third
Jon Jackson to second
Runner from 3rd tries for Home, SAFE, no throw or cutoff
Batting: RHB Júlio Hobbs 0-0: Swinging Strike
0-1: Ball
1-1: Swinging Strike
1-2: Foul Ball, location: 2F
1-2: Strikes out swinging
Top of the 8th over - 2 run(s), 2 hit(s), 1 error(s), 2 left on base; Broken Arrow HS 4 - Dublin Jerome HS 6
BOTTOM OF THE 8TH
Dublin Jerome HS Celtics batting - Pitching for Broken Arrow HS : LHP Jorge Rinlón
Pitching: LHP Anastasio Cintrón
Batting: RHB Deron McClendon 0-0: Foul Ball, location: 2F
0-1: Ball
1-1: Fly out, F7 (Flyball, 7LMF)
Batting: RHB Luis Árias 0-0: Called Strike
0-1: Foul Ball, location: 2F
0-2: Ball
1-2: Strikes out swinging
Batting: LHB Ángel Santos 0-0: Called Strike
0-1: Ball
1-1: Called Strike
1-2: Strikes out swinging
Bottom of the 8th over - 0 run(s), 0 hit(s), 0 error(s), 0 left on base; Broken Arrow HS 4 - Dublin Jerome HS 6
TOP OF THE 9TH
Broken Arrow HS batting - Pitching for Dublin Jerome HS Celtics : RHP Kelly Woodside
Pitching: RHP Roger Coulombe
Now at C: Stan Crosby
Batting: RHB Christian Moss 0-0: Ball
1-0: Called Strike
1-1: Called Strike
1-2: Strikes out looking
Batting: RHB Robert Cannon 0-0: Called Strike
0-1: Ball
1-1: Swinging Strike
1-2: Strikes out swinging
Batting: LHB António Chávez 0-0: Called Strike
0-1: Foul Ball, location: 2F
0-2: Ball
1-2: Strikes out looking
Top of the 9th over - 0 run(s), 0 hit(s), 0 error(s), 0 left on base; Broken Arrow HS 4 - Dublin Jerome HS 6
This league is powered by Out of the Park Baseball, the baseball management simulation game for PC, Mac and Linux
Saturday, April 9th, 2016 - OOTP Baseball 16.8 Build 38